Tamiflu vs River Rats
Created - 25 octobre 2013 at 19:01
Goals
|
| Tamiflu |
3 |
1 |
0 |
0 |
0 |
4 |
| River Rats |
1 |
0 |
3 |
0 |
1 |
5 |
|
Shots
|
| Tamiflu |
15 |
9 |
13 |
0 |
3 |
37 |
| River Rats |
10 |
10 |
12 |
6 |
2 |
38 |
|
1st period
1. River Rats , Bryan Rodney 1 (Tyler Bozak, Brett Maclean) at 6:50
2. Tamiflu , Radek Bonk 2 (Petr Pohl) at 12:14
3. Tamiflu , Radek Bonk 3 (Jonathan Sigalet, Pavel Trnka) at 12:56
4. Tamiflu , Petr Pohl 2 (Nick Spaling, Pavel Trnka) at 13:34
Penalties :
Jordan Hendry (Det) for Hooking (Minor) at 0:41, Nathan Oystrick (Det) for Charging (Minor) at 14:47, Rich Clune (Det) for Interference (Minor) at 18:39
2nd period
5. Tamiflu , David Clarkson 3 (Greg Mauldin, Jan Mursak) at 4:45
Penalties :
Jay Beagle (Alb) for Roughing (Minor) at 11:30
3rd period
6. River Rats , Trent Hunter 2 (Andy Greene) at 1:18
7. River Rats , Jay Beagle 1 (Tyler Bozak, Martin Grenier) at 10:30 (PP)
8. River Rats , Jay Beagle 2 (Andy Greene) at 15:59
Penalties :
Nate Thompson (Det) for Holding (Minor) at 6:04, Carson Mcmillan (Det) for Hooking (Minor) at 6:44, Jonathan Sigalet (Det) for Hooking (Minor) at 9:58, Nick Spaling (Det) for Holding (Minor) at 11:16, Petr Pohl (Det) for Slashing (Minor) at 17:03
Overtime #1
No Goal
Penalties :
No Penalty
Shootout
Penalty Shot by Radek Bonk for Tamiflu - Stopped by Barry Brust
Penalty Shot by Dustin Boyd for River Rats - Goal!
Penalty Shot by Jani Rita for Tamiflu - Stopped by Barry Brust
Penalty Shot by Chris Mcallister for River Rats - Stopped by Mike McKenna
Penalty Shot by Jonathan Sigalet for Tamiflu - Stopped by Barry Brust
Penalties :
No Penalty
Goalie Stats
Mike McKenna (Det), 34 saves from 38 shots - (0,895), OTL, 1-1-1, 65:00 minutes
Barry Brust (Alb), 19 saves from 19 shots - (1,000), W, 1-2-0, 40:15 minutes
Jeff Glass (Alb), 14 saves from 18 shots - (0,778), 24:45 minutes
Players Stats for Tamiflu
Player Name G A P +/- PIM S H SB GA TA FO MP PP MP PK MP
------------------------------------------------------------------------------------
Adam Henrique 0 0 0 -1 0 2 1 1 2 0 5/9 11:21 0:52 0:00
Carson Mcmillan 0 0 0 -1 2 3 2 1 2 0 0/0 16:42 0:00 6:27
David Clarkson 1 0 1 1 0 4 1 0 0 0 0/0 12:58 0:00 3:19
Greg Mauldin 0 1 1 1 0 0 1 1 0 0 2/4 12:21 0:00 2:08
Jan Mursak 0 1 1 -1 0 0 1 0 0 0 0/0 8:56 0:00 0:00
Jani Rita 0 0 0 -2 0 4 0 0 0 0 0/1 18:37 1:07 1:55
Johan Fransson 0 0 0 2 0 1 1 0 0 0 0/0 13:47 1:33 2:04
Jonathan Sigalet 0 1 1 0 2 2 3 2 0 0 0/0 30:48 1:26 6:27
Jordan Hendry 0 0 0 -1 2 0 0 1 0 2 0/0 20:59 0:00 5:08
Kyle Lawson 0 0 0 2 0 0 0 0 0 1 0/0 11:30 0:20 0:41
Mike Brown 0 0 0 -2 0 2 0 0 1 0 2/3 17:50 1:07 0:00
Nate Thompson 0 0 0 -2 2 3 2 2 0 0 13/28 21:32 1:07 3:24
Nathan Oystrick 0 0 0 -1 2 3 0 1 1 0 0/0 20:52 0:00 4:53
Nick Spaling 0 1 1 3 2 0 1 0 0 0 2/3 11:32 0:52 0:00
Pavel Trnka 0 2 2 0 0 3 1 6 0 0 0/0 30:32 0:39 6:59
Petr Pohl 1 1 2 3 2 1 1 0 0 0 0/1 13:24 0:52 0:00
Radek Bonk 2 0 2 3 0 8 0 1 0 1 11/19 20:02 0:00 7:39
Rich Clune 0 0 0 1 2 1 0 0 0 0 0/0 9:34 0:00 0:00
Players Stats for River Rats
Player Name G A P +/- PIM S H SB GA TA FO MP PP MP PK MP
------------------------------------------------------------------------------------
Andy Greene 0 2 2 -3 0 4 3 1 0 2 0/0 30:27 7:30 1:18
Benn Ferriero 0 0 0 0 0 3 3 0 0 0 1/3 11:15 0:07 0:07
Brett Maclean 0 1 1 -2 0 0 2 0 1 0 0/0 19:47 5:18 0:44
Bryan Bickell 0 0 0 0 0 2 1 1 0 0 0/0 10:29 0:00 1:06
Bryan Rodney 1 0 1 1 0 2 2 2 1 0 0/0 22:30 5:36 0:00
Chris Mcallister 0 0 0 0 0 2 3 2 0 0 0/1 27:33 7:44 0:00
Danny Kristo 0 0 0 0 0 1 0 2 0 0 0/1 18:13 0:04 0:00
Dustin Boyd 0 0 0 0 0 8 2 0 1 1 20/41 27:14 7:41 0:00
Jamie Arniel 0 0 0 1 0 0 1 0 0 0 2/4 6:47 0:00 1:06
Jay Beagle 2 0 2 0 2 3 0 0 0 0 0/0 14:39 5:18 0:00
Jesse Joensuu 0 0 0 1 0 0 2 0 0 0 0/0 6:31 0:07 0:09
Josh Meyers 0 0 0 1 0 1 2 0 1 0 0/0 10:56 0:00 0:41
Martin Grenier 0 1 1 -3 0 2 1 2 0 2 0/0 30:35 7:30 1:18
Matt Jones 0 0 0 1 0 2 2 0 0 0 0/0 22:38 5:36 0:00
Pavel Valentenko 0 0 0 1 0 0 0 0 0 1 0/0 10:59 0:00 0:41
Steve Quailer 0 0 0 -2 0 2 0 1 0 0 0/0 12:00 0:00 0:00
Trent Hunter 1 0 1 1 0 2 0 0 0 0 0/1 14:03 7:41 0:00
Tyler Bozak 0 2 2 -2 0 4 1 1 0 0 10/17 19:29 5:18 0:46
3 Stars
1 - Radek Bonk (Det)
2 - Petr Pohl (Det)
3 - Jay Beagle (Alb)
Power Play
Tamiflu - 0 on 1 Attempt(s) - 0,00%
River Rats - 1 on 8 Attempt(s) - 12,50%
Penalty Kill
Tamiflu - 7 on 8 Attempt(s) - 87,50%
- Score 0 goal in Penalty Kill
River Rats - 1 on 1 Attempt(s) - 100,00%
- Score 0 goal in Penalty Kill
Official
Referees : VanMassenhoven Don and Devorski Paul
Linesman : Brad Kovachik and Vaughan Rody
Game Notes
Barry Brust enters game at 4:45 of 2nd period
Finance
Level 1 -- Attendance: 1364 (68,20%) -- Ticket Income 47 740 $
Level 2 -- Attendance: 699 (69,90%) -- Ticket Income 10 485 $
Total Attendance: 2063 (68,77%)
Total Ticket Income: 58 225 $
Other Income: 2 911 $
Total Income: 61 136 $
Tamiflu
5 vs 5 Forward
Center Left Wing Right Wing Time % Phy DF OF
1 Nate Thompson Jani Rita Mike Brown 40 1 2 2
2 Radek Bonk Nick Spaling Petr Pohl 30 1 2 2
3 Adam Henrique Jan Mursak Carson Mcmillan 20 1 2 2
4 Greg Mauldin Rich Clune David Clarkson 10 1 2 2
5 vs 5 Defense
Defense Defense Time % Phy DF OF
1 Jonathan Sigalet Pavel Trnka 40 1 2 2
2 Nathan Oystrick Jordan Hendry 30 1 2 2
3 Kyle Lawson Johan Fransson 20 1 2 2
4 Jonathan Sigalet Pavel Trnka 10 1 2 2
PowerPlay Forward
Center Left Wing Right Wing Time % Phy DF OF
1 Nate Thompson Jani Rita Mike Brown 60 1 2 2
2 Adam Henrique Nick Spaling Petr Pohl 40 1 2 2
PowerPlay Defense
Defense Defense Time % Phy DF OF
1 Jonathan Sigalet Jordan Hendry 60 1 2 2
2 Pavel Trnka Nathan Oystrick 40 1 2 2
Penalty Kill 4 Players Forward
Center Wing Time % Phy DF OF
1 Radek Bonk Carson Mcmillan 60 1 2 2
2 Nate Thompson David Clarkson 40 1 2 2
Penalty Kill 4 Players Defense
Defense Defense Time % Phy DF OF
1 Jonathan Sigalet Pavel Trnka 60 1 2 2
2 Nathan Oystrick Jordan Hendry 40 1 2 2
Penalty Kill - 3 Players Forward
Forward Time % Phy DF OF
1 Radek Bonk 60 1 2 2
2 Nate Thompson 40 1 2 2
Penalty Kill - 3 Players Defense
Defense Defense Time % Phy DF OF
1 Jonathan Sigalet Pavel Trnka 60 1 2 2
2 Nathan Oystrick Jordan Hendry 40 1 2 2
4 vs 4 Forward
Center Wing Time % Phy DF OF
1 Nate Thompson Mike Brown 60 1 2 2
2 Radek Bonk Petr Pohl 40 1 2 2
4 vs 4 Defense
Defense Defense Time % Phy DF OF
1 Jonathan Sigalet Pavel Trnka 60 1 2 2
2 Nathan Oystrick Jordan Hendry 40 1 2 2
Last Minutes Offensive
Center Left Wing Right Wing Defense Defense
Nate Thompson Jani Rita Mike Brown Jonathan Sigalet Jordan Hendry
Last Minutes Defensive
Center Left Wing Right Wing Defense Defense
Radek Bonk Nick Spaling Carson Mcmillan Jonathan Sigalet Pavel Trnka
Goaltenders
Starting : Mike McKenna
Backup : Thomas Greiss
Extra Forwards
Normal : Adam Henrique, Carson Mcmillan, Petr Pohl - PP : Radek Bonk, Carson Mcmillan - PK : Greg Mauldin
Extra Defensemen
Normal : Johan Fransson, Kyle Lawson, Jordan Hendry - PP : Johan Fransson - PK : Johan Fransson, Kyle Lawson
Penalty Shots
Radek Bonk, Jani Rita, Jonathan Sigalet, Carson Mcmillan, David Clarkson
River Rats
5 vs 5 Forward
Center Left Wing Right Wing Time % Phy DF OF
1 Dustin Boyd Chris Mcallister Danny Kristo 40 0 2 3
2 Tyler Bozak Brett Maclean Steve Quailer 30 0 2 3
3 Benn Ferriero Bryan Bickell Jay Beagle 20 0 2 3
4 Jamie Arniel Jesse Joensuu Trent Hunter 10 0 2 3
5 vs 5 Defense
Defense Defense Time % Phy DF OF
1 Martin Grenier Andy Greene 40 1 2 2
2 Matt Jones Bryan Rodney 30 1 2 2
3 Josh Meyers Pavel Valentenko 20 1 2 2
4 Martin Grenier Andy Greene 10 1 2 2
PowerPlay Forward
Center Left Wing Right Wing Time % Phy DF OF
1 Dustin Boyd Chris Mcallister Trent Hunter 60 1 2 2
2 Tyler Bozak Brett Maclean Jay Beagle 40 1 2 2
PowerPlay Defense
Defense Defense Time % Phy DF OF
1 Martin Grenier Andy Greene 60 1 2 2
2 Matt Jones Bryan Rodney 40 1 2 2
Penalty Kill 4 Players Forward
Center Wing Time % Phy DF OF
1 Dustin Boyd Chris Mcallister 60 1 2 2
2 Jamie Arniel Jay Beagle 40 1 2 2
Penalty Kill 4 Players Defense
Defense Defense Time % Phy DF OF
1 Martin Grenier Andy Greene 60 1 2 2
2 Matt Jones Pavel Valentenko 40 1 2 2
Penalty Kill - 3 Players Forward
Forward Time % Phy DF OF
1 Dustin Boyd 60 1 2 2
2 Chris Mcallister 40 1 2 2
Penalty Kill - 3 Players Defense
Defense Defense Time % Phy DF OF
1 Martin Grenier Andy Greene 60 1 2 2
2 Matt Jones Bryan Rodney 40 1 2 2
4 vs 4 Forward
Center Wing Time % Phy DF OF
1 Dustin Boyd Chris Mcallister 60 1 2 2
2 Tyler Bozak Brett Maclean 40 1 2 2
4 vs 4 Defense
Defense Defense Time % Phy DF OF
1 Martin Grenier Andy Greene 60 1 2 2
2 Matt Jones Bryan Rodney 40 1 2 2
Last Minutes Offensive
Center Left Wing Right Wing Defense Defense
Dustin Boyd Chris Mcallister Trent Hunter Martin Grenier Andy Greene
Last Minutes Defensive
Center Left Wing Right Wing Defense Defense
Dustin Boyd Chris Mcallister Trent Hunter Martin Grenier Andy Greene
Goaltenders
Starting : Jeff Glass
Backup : Barry Brust
Extra Forwards
Normal : Benn Ferriero, Danny Kristo, Bryan Bickell - PP : Benn Ferriero, Jesse Joensuu - PK : Bryan Bickell
Extra Defensemen
Normal : Josh Meyers, Pavel Valentenko, Matt Jones - PP : Josh Meyers - PK : Pavel Valentenko, Matt Jones
Penalty Shots
Dustin Boyd, Chris Mcallister, Brett Maclean, Tyler Bozak, Benn Ferriero
% Time on Ice - Tamiflu
Lines # - Real PCT - Wanted PCT - Time Play
Normal Forward
1 - 36% - 40% - 16:23
2 - 24% - 30% - 10:58
3 - 20% - 20% - 8:52
4 - 19% - 10% - 8:42
Normal Defense
1 - 44% - 40% - 19:38
2 - 31% - 30% - 13:50
3 - 21% - 20% - 9:39
4 - 4% - 10% - 1:48
PP Forward
1 - 56% - 60% - 1:07
2 - 44% - 40% - 0:52
PP Defense
1 - 67% - 60% - 1:20
2 - 33% - 40% - 0:39
PK Forward
1 - 72% - 60% - 8:28
2 - 28% - 40% - 3:19
PK Defense
1 - 53% - 60% - 6:16
2 - 47% - 40% - 5:31
PK3 Forward
1 - 72% - 60% - 0:57
2 - 28% - 40% - 0:22
PK3 Defense
1 - 54% - 60% - 0:43
2 - 46% - 40% - 0:36
44 Forward
1 - 73% - 60% - 3:40
2 - 27% - 40% - 1:20
44 Defense
1 - 59% - 60% - 2:58
2 - 41% - 40% - 2:02
Last Minute Offensive - 0:00
Last Minute Defensive - 0:00
Total
Forward - 65:00
Defense - 65:00
|
% Time on Ice - River Rats
Lines # - Real PCT - Wanted PCT - Time Play
Normal Forward
1 - 40% - 40% - 18:02
2 - 28% - 30% - 12:27
3 - 21% - 20% - 9:19
4 - 11% - 10% - 5:07
Normal Defense
1 - 41% - 40% - 18:37
2 - 33% - 30% - 14:38
3 - 23% - 20% - 10:18
4 - 3% - 10% - 1:22
PP Forward
1 - 60% - 60% - 7:48
2 - 40% - 40% - 5:18
PP Defense
1 - 57% - 60% - 7:30
2 - 43% - 40% - 5:36
PK Forward
1 - 0% - 60% - 0:00
2 - 100% - 40% - 1:59
PK Defense
1 - 100% - 60% - 1:59
2 - 0% - 40% - 0:00
PK3 Forward
1 - 0% - 60%
2 - 0% - 40%
PK3 Defense
1 - 0% - 60%
2 - 0% - 40%
44 Forward
1 - 71% - 60% - 3:33
2 - 29% - 40% - 1:27
44 Defense
1 - 55% - 60% - 2:46
2 - 45% - 40% - 2:14
Last Minute Offensive - 0:00
Last Minute Defensive - 0:00
Total
Forward - 65:00
Defense - 65:00
|
Play by Play
1st period
0:01 of 1st period - Dustin Boyd wins face-off versus Nate Thompson in neutral zone.
0:06 of 1st period - Wrist shot by Dustin Boyd.
0:06 of 1st period - Shot Blocked by Pavel Trnka.
0:29 of 1st period - Off-side.
0:30 of 1st period - Tyler Bozak wins face-off versus Petr Pohl in neutral zone.
0:41 of 1st period - Minor Penalty to Jordan Hendry for Hooking.
0:42 of 1st period - Radek Bonk wins face-off versus Dustin Boyd in Tamiflu zone.
0:42 of 1st period - Radek Bonk is hit by Dustin Boyd.
1:46 of 1st period - Off-side.
1:47 of 1st period - Tyler Bozak wins face-off versus Nate Thompson in neutral zone.
2:41 of 1st period - Penalty to Jordan Hendry is over, Jordan Hendry is back on ice.
3:20 of 1st period - Jesse Joensuu is hit by Jonathan Sigalet and loses puck.
4:18 of 1st period - Radek Bonk is hit by Jamie Arniel.
4:37 of 1st period - Nathan Oystrick is hit by Benn Ferriero.
4:51 of 1st period - Carson Mcmillan is hit by Josh Meyers and loses puck.
5:25 of 1st period - Icing by Dustin Boyd.
5:26 of 1st period - Nick Spaling wins face-off versus Dustin Boyd in River Rats zone.
6:04 of 1st period - Snap shot by Dustin Boyd.
6:04 of 1st period - Shot Blocked by Radek Bonk.
6:30 of 1st period - Snap shot by Petr Pohl.
6:30 of 1st period - Shot Misses the Net.
6:38 of 1st period - Snap shot by Radek Bonk.
6:38 of 1st period - Stopped by Jeff Glass without a rebound.
6:39 of 1st period - Tyler Bozak wins face-off versus Nate Thompson in River Rats zone.
6:48 of 1st period - Snap shot by Tyler Bozak.
6:48 of 1st period - Stopped by Mike McKenna with a rebound.
6:50 of 1st period - Slapshot by Bryan Rodney.
6:50 of 1st period - Goal by Bryan Rodney - Tamiflu : 0 - River Rats : 1.
6:51 of 1st period - Tyler Bozak wins face-off versus Nate Thompson in neutral zone.
7:04 of 1st period - Wrist shot by Mike Brown.
7:04 of 1st period - Stopped by Jeff Glass with a rebound.
7:06 of 1st period - Snap shot by Pavel Trnka.
7:06 of 1st period - Deflect By Jani Rita.
7:06 of 1st period - Stopped by Jeff Glass with a rebound.
7:16 of 1st period - Jonathan Sigalet is hit by Matt Jones and loses puck.
7:21 of 1st period - Wrist shot by Bryan Bickell.
7:21 of 1st period - Shot Misses the Net.
7:39 of 1st period - Slapshot by Carson Mcmillan.
7:39 of 1st period - Stopped by Jeff Glass with a rebound.
7:41 of 1st period - Slapshot by Jonathan Sigalet.
7:41 of 1st period - Stopped by Jeff Glass with a rebound.
7:43 of 1st period - Snap shot by David Clarkson.
7:43 of 1st period - Deflect By Rich Clune.
7:43 of 1st period - Stopped by Jeff Glass with a rebound.
7:45 of 1st period - Snap shot by Pavel Trnka.
7:45 of 1st period - Stopped by Jeff Glass without a rebound.
7:46 of 1st period - Dustin Boyd wins face-off versus Greg Mauldin in River Rats zone.
7:46 of 1st period - Dustin Boyd is hit by Greg Mauldin.
8:06 of 1st period - Slapshot by Nathan Oystrick.
8:06 of 1st period - Deflect By Matt Jones.
8:06 of 1st period - Stopped by Jeff Glass with a rebound.
8:12 of 1st period - Nathan Oystrick is hit by Bryan Rodney and loses puck.
8:39 of 1st period - Snap shot by Jay Beagle.
8:39 of 1st period - Stopped by Mike McKenna without a rebound.
8:40 of 1st period - Dustin Boyd wins face-off versus Adam Henrique in Tamiflu zone.
8:50 of 1st period - Off-side.
8:51 of 1st period - Dustin Boyd wins face-off versus Nate Thompson in neutral zone.
8:54 of 1st period - Snap shot by Dustin Boyd.
8:54 of 1st period - Stopped by Mike McKenna with a rebound.
8:56 of 1st period - Wrist shot by Chris Mcallister.
8:56 of 1st period - Deflect By Dustin Boyd.
8:56 of 1st period - Shot Blocked by Pavel Trnka.
8:56 of 1st period - Puck is out of play.
8:57 of 1st period - Mike Brown wins face-off versus Dustin Boyd in Tamiflu zone.
9:08 of 1st period - Snap shot by Chris Mcallister.
9:08 of 1st period - Shot Misses the Net.
9:10 of 1st period - Slapshot by Andy Greene.
9:10 of 1st period - Shot Blocked by Pavel Trnka.
9:12 of 1st period - Snap shot by Martin Grenier.
9:12 of 1st period - Shot Blocked by Nate Thompson.
10:02 of 1st period - Greg Mauldin is hit by Dustin Boyd.
10:31 of 1st period - Nate Thompson is hit by Jesse Joensuu and loses puck.
11:18 of 1st period - Jay Beagle is hit by Carson Mcmillan and loses puck.
12:00 of 1st period - Slapshot by Trent Hunter.
12:00 of 1st period - Stopped by Mike McKenna with a rebound.
12:02 of 1st period - Slapshot by Josh Meyers.
12:02 of 1st period - Stopped by Mike McKenna without a rebound.
12:03 of 1st period - Tyler Bozak wins face-off versus Radek Bonk in Tamiflu zone.
12:14 of 1st period - Wrist shot by Radek Bonk.
12:14 of 1st period - Goal by Radek Bonk - Tamiflu : 1 - River Rats : 1.
12:15 of 1st period - Nate Thompson wins face-off versus Dustin Boyd in neutral zone.
12:18 of 1st period - Snap shot by Jani Rita.
12:18 of 1st period - Shot Blocked by Martin Grenier.
12:20 of 1st period - Slapshot by Pavel Trnka.
12:20 of 1st period - Stopped by Jeff Glass without a rebound.
12:21 of 1st period - Nate Thompson wins face-off versus Dustin Boyd in River Rats zone.
12:28 of 1st period - Snap shot by Jani Rita.
12:28 of 1st period - Shot Misses the Net.
12:56 of 1st period - Slapshot by Jonathan Sigalet.
12:56 of 1st period - Deflect By Radek Bonk.
12:56 of 1st period - Goal by Radek Bonk - Tamiflu : 2 - River Rats : 1.
12:57 of 1st period - Nate Thompson wins face-off versus Danny Kristo in neutral zone.
13:10 of 1st period - Wrist shot by Mike Brown.
13:10 of 1st period - Shot Hit the Post.
13:26 of 1st period - Snap shot by Petr Pohl.
13:26 of 1st period - Shot Misses the Net.
13:28 of 1st period - Snap shot by Radek Bonk.
13:28 of 1st period - Stopped by Jeff Glass with a rebound.
13:30 of 1st period - Slapshot by Nick Spaling.
13:30 of 1st period - Shot Misses the Net.
13:32 of 1st period - Slapshot by Pavel Trnka.
13:32 of 1st period - Stopped by Jeff Glass with a rebound.
13:34 of 1st period - Snap shot by Nick Spaling.
13:34 of 1st period - Deflect By Petr Pohl.
13:34 of 1st period - Goal by Petr Pohl - Tamiflu : 3 - River Rats : 1.
13:35 of 1st period - Nate Thompson wins face-off versus Dustin Boyd in neutral zone.
14:26 of 1st period - Wrist shot by Bryan Bickell.
14:26 of 1st period - Stopped by Mike McKenna with a rebound.
14:28 of 1st period - Slapshot by Matt Jones.
14:28 of 1st period - Deflect By Benn Ferriero.
14:28 of 1st period - Stopped by Mike McKenna with a rebound.
14:30 of 1st period - Slapshot by Bryan Rodney.
14:30 of 1st period - Stopped by Mike McKenna without a rebound.
14:31 of 1st period - Dustin Boyd wins face-off versus Nate Thompson in Tamiflu zone.
14:38 of 1st period - Slapshot by Chris Mcallister.
14:38 of 1st period - Shot Misses the Net.
14:40 of 1st period - Slapshot by Martin Grenier.
14:40 of 1st period - Shot Blocked by Nathan Oystrick.
14:42 of 1st period - Wrist shot by Dustin Boyd.
14:42 of 1st period - Stopped by Mike McKenna without a rebound.
14:43 of 1st period - Dustin Boyd wins face-off versus Nate Thompson in Tamiflu zone.
14:44 of 1st period - Wrist shot by Chris Mcallister.
14:44 of 1st period - Shot Blocked by Jordan Hendry.
14:47 of 1st period - Minor Penalty to Nathan Oystrick for Charging.
14:48 of 1st period - Radek Bonk wins face-off versus Dustin Boyd in Tamiflu zone.
14:59 of 1st period - Slapshot by Martin Grenier.
14:59 of 1st period - Shot Blocked by Jonathan Sigalet.
16:04 of 1st period - Chris Mcallister is hit by David Clarkson and loses puck.
16:31 of 1st period - Jordan Hendry is hit by Andy Greene and loses puck.
16:47 of 1st period - Penalty to Nathan Oystrick is over, Nathan Oystrick is back on ice.
16:50 of 1st period - Nate Thompson is hit by Andy Greene and loses puck.
17:29 of 1st period - Wrist shot by David Clarkson.
17:29 of 1st period - Stopped by Jeff Glass with a rebound.
17:43 of 1st period - Bryan Bickell is hit by Adam Henrique and loses puck.
18:39 of 1st period - Minor Penalty to Rich Clune for Interference.
18:40 of 1st period - Radek Bonk wins face-off versus Dustin Boyd in Tamiflu zone.
2nd period
0:01 of 2nd period - Dustin Boyd wins face-off versus Radek Bonk in neutral zone.
0:31 of 2nd period - Snap shot by Martin Grenier.
0:31 of 2nd period - Stopped by Mike McKenna without a rebound.
0:32 of 2nd period - Nate Thompson wins face-off versus Dustin Boyd in Tamiflu zone.
0:39 of 2nd period - Penalty to Rich Clune is over, Rich Clune is back on ice.
1:01 of 2nd period - Slapshot by Andy Greene.
1:01 of 2nd period - Shot Misses the Net.
1:03 of 2nd period - Slapshot by Martin Grenier.
1:03 of 2nd period - Shot Blocked by Carson Mcmillan.
1:05 of 2nd period - Slapshot by Andy Greene.
1:05 of 2nd period - Stopped by Mike McKenna with a rebound.
1:07 of 2nd period - Snap shot by Bryan Bickell.
1:07 of 2nd period - Stopped by Mike McKenna without a rebound.
1:08 of 2nd period - Dustin Boyd wins face-off versus Nate Thompson in Tamiflu zone.
1:09 of 2nd period - Snap shot by Chris Mcallister.
1:09 of 2nd period - Stopped by Mike McKenna without a rebound.
1:10 of 2nd period - Dustin Boyd wins face-off versus Nate Thompson in Tamiflu zone.
1:22 of 2nd period - Icing by Andy Greene.
1:23 of 2nd period - Dustin Boyd wins face-off versus Nate Thompson in River Rats zone.
1:34 of 2nd period - Wrist shot by Dustin Boyd.
1:34 of 2nd period - Deflect By Danny Kristo.
1:34 of 2nd period - Shot Misses the Net.
1:34 of 2nd period - Puck is out of play.
1:35 of 2nd period - Tyler Bozak wins face-off versus Jani Rita in Tamiflu zone.
1:44 of 2nd period - Brett Maclean is hit by Jonathan Sigalet and loses puck.
1:49 of 2nd period - Wrist shot by Jani Rita.
1:49 of 2nd period - Stopped by Jeff Glass with a rebound.
1:51 of 2nd period - Snap shot by Nate Thompson.
1:51 of 2nd period - Stopped by Jeff Glass without a rebound.
1:52 of 2nd period - Dustin Boyd wins face-off versus Nick Spaling in River Rats zone.
2:01 of 2nd period - Wrist shot by Dustin Boyd.
2:01 of 2nd period - Deflect By Nathan Oystrick.
2:01 of 2nd period - Stopped by Mike McKenna with a rebound.
2:17 of 2nd period - Bryan Rodney is hit by Nate Thompson and loses puck.
3:19 of 2nd period - Jonathan Sigalet is hit by Martin Grenier and loses puck.
3:34 of 2nd period - Snap shot by Nate Thompson.
3:34 of 2nd period - Shot Misses the Net.
3:52 of 2nd period - Slapshot by Brett Maclean.
3:52 of 2nd period - Shot Blocked by Pavel Trnka.
3:54 of 2nd period - Wrist shot by Brett Maclean.
3:54 of 2nd period - Shot Blocked by Jonathan Sigalet.
3:56 of 2nd period - Slapshot by Steve Quailer.
3:56 of 2nd period - Stopped by Mike McKenna without a rebound.
3:57 of 2nd period - Tyler Bozak wins face-off versus Radek Bonk in Tamiflu zone.
4:43 of 2nd period - Snap shot by Greg Mauldin.
4:43 of 2nd period - Shot Misses the Net.
4:45 of 2nd period - Slapshot by David Clarkson.
4:45 of 2nd period - Goal by David Clarkson - Tamiflu : 4 - River Rats : 1.
4:45 of 2nd period - Barry Brust enters game.
4:46 of 2nd period - Dustin Boyd wins face-off versus Nate Thompson in neutral zone.
4:59 of 2nd period - Snap shot by Chris Mcallister.
4:59 of 2nd period - Deflect By Danny Kristo.
4:59 of 2nd period - Shot Misses the Net.
4:59 of 2nd period - Puck is out of play.
5:00 of 2nd period - Tyler Bozak wins face-off versus Radek Bonk in Tamiflu zone.
5:25 of 2nd period - Matt Jones is hit by Jan Mursak and loses puck.
5:59 of 2nd period - Slapshot by Andy Greene.
5:59 of 2nd period - Stopped by Mike McKenna with a rebound.
6:01 of 2nd period - Slapshot by Danny Kristo.
6:01 of 2nd period - Shot Misses the Net.
6:03 of 2nd period - Wrist shot by Chris Mcallister.
6:03 of 2nd period - Shot Blocked by Greg Mauldin.
6:05 of 2nd period - Wrist shot by Dustin Boyd.
6:05 of 2nd period - Stopped by Mike McKenna without a rebound.
6:06 of 2nd period - Nate Thompson wins face-off versus Tyler Bozak in Tamiflu zone.
6:19 of 2nd period - Snap shot by Mike Brown.
6:19 of 2nd period - Stopped by Barry Brust with a rebound.
6:35 of 2nd period - Slapshot by Martin Grenier.
6:35 of 2nd period - Stopped by Mike McKenna with a rebound.
6:43 of 2nd period - Bryan Bickell is hit by Nick Spaling and loses puck.
6:54 of 2nd period - Slapshot by Greg Mauldin.
6:54 of 2nd period - Shot Misses the Net.
6:56 of 2nd period - Backhand shot by Nathan Oystrick.
6:56 of 2nd period - Stopped by Barry Brust with a rebound.
6:58 of 2nd period - Slapshot by Jordan Hendry.
6:58 of 2nd period - Deflect By Greg Mauldin.
6:58 of 2nd period - Shot Blocked by Bryan Bickell.
6:58 of 2nd period - Puck is out of play.
6:59 of 2nd period - Dustin Boyd wins face-off versus Greg Mauldin in River Rats zone.
7:04 of 2nd period - Snap shot by Bryan Rodney.
7:04 of 2nd period - Shot Misses the Net.
7:10 of 2nd period - David Clarkson is hit by Matt Jones and loses puck.
7:54 of 2nd period - Snap shot by Dustin Boyd.
7:54 of 2nd period - Stopped by Mike McKenna with a rebound.
8:40 of 2nd period - Slapshot by David Clarkson.
8:40 of 2nd period - Stopped by Barry Brust with a rebound.
8:42 of 2nd period - Slapshot by Nathan Oystrick.
8:42 of 2nd period - Shot Misses the Net.
8:44 of 2nd period - Slapshot by Nathan Oystrick.
8:44 of 2nd period - Shot Misses the Net.
10:41 of 2nd period - Snap shot by David Clarkson.
10:41 of 2nd period - Shot Blocked by Chris Mcallister.
10:43 of 2nd period - Snap shot by Greg Mauldin.
10:43 of 2nd period - Shot Misses the Net.
10:45 of 2nd period - Slapshot by Nathan Oystrick.
10:45 of 2nd period - Shot Blocked by Danny Kristo.
10:47 of 2nd period - Slapshot by Nathan Oystrick.
10:47 of 2nd period - Stopped by Barry Brust with a rebound.
10:49 of 2nd period - Snap shot by David Clarkson.
10:49 of 2nd period - Shot Blocked by Bryan Rodney.
11:07 of 2nd period - Slapshot by David Clarkson.
11:07 of 2nd period - Stopped by Barry Brust without a rebound.
11:08 of 2nd period - Nate Thompson wins face-off versus Tyler Bozak in River Rats zone.
11:15 of 2nd period - Wrist shot by Nate Thompson.
11:15 of 2nd period - Shot Blocked by Steve Quailer.
11:30 of 2nd period - Minor Penalty to Jay Beagle for Roughing.
11:31 of 2nd period - Nate Thompson wins face-off versus Jamie Arniel in River Rats zone.
11:38 of 2nd period - Wrist shot by Nate Thompson.
11:38 of 2nd period - Stopped by Barry Brust with a rebound.
11:59 of 2nd period - Off-side.
12:00 of 2nd period - Jamie Arniel wins face-off versus Adam Henrique in neutral zone.
12:42 of 2nd period - Pavel Trnka is hit by Brett Maclean and loses puck.
13:30 of 2nd period - Penalty to Jay Beagle is over, Jay Beagle is back on ice.
13:53 of 2nd period - Nick Spaling is hit by Benn Ferriero and loses puck.
17:12 of 2nd period - Jordan Hendry is hit by Jesse Joensuu.
3rd period
0:01 of 3rd period - Nate Thompson wins face-off versus Tyler Bozak in neutral zone.
0:06 of 3rd period - Snap shot by Jani Rita.
0:06 of 3rd period - Stopped by Barry Brust with a rebound.
0:26 of 3rd period - Pavel Trnka is hit by Chris Mcallister and loses puck.
0:31 of 3rd period - Wrist shot by Dustin Boyd.
0:31 of 3rd period - Stopped by Mike McKenna without a rebound.
0:32 of 3rd period - Radek Bonk wins face-off versus Dustin Boyd in Tamiflu zone.
0:57 of 3rd period - Pavel Valentenko is hit by Johan Fransson and loses puck.
1:18 of 3rd period - Wrist shot by Trent Hunter.
1:18 of 3rd period - Goal by Trent Hunter - Tamiflu : 4 - River Rats : 2.
1:19 of 3rd period - Dustin Boyd wins face-off versus Mike Brown in neutral zone.
2:07 of 3rd period - Jani Rita is hit by Tyler Bozak and loses puck.
2:14 of 3rd period - Slapshot by Brett Maclean.
2:14 of 3rd period - Shot Misses the Net.
2:24 of 3rd period - Wrist shot by Radek Bonk.
2:24 of 3rd period - Stopped by Barry Brust without a rebound.
2:25 of 3rd period - Nick Spaling wins face-off versus Jamie Arniel in River Rats zone.
2:34 of 3rd period - Slapshot by Radek Bonk.
2:34 of 3rd period - Stopped by Barry Brust without a rebound.
2:35 of 3rd period - Dustin Boyd wins face-off versus Radek Bonk in River Rats zone.
2:51 of 3rd period - Wrist shot by Dustin Boyd.
2:51 of 3rd period - Stopped by Mike McKenna without a rebound.
2:52 of 3rd period - Adam Henrique wins face-off versus Tyler Bozak in Tamiflu zone.
3:02 of 3rd period - Snap shot by Andy Greene.
3:02 of 3rd period - Stopped by Mike McKenna with a rebound.
3:04 of 3rd period - Slapshot by Tyler Bozak.
3:04 of 3rd period - Shot Misses the Net.
3:06 of 3rd period - Wrist shot by Tyler Bozak.
3:06 of 3rd period - Stopped by Mike McKenna with a rebound.
3:08 of 3rd period - Snap shot by Tyler Bozak.
3:08 of 3rd period - Deflect By Steve Quailer.
3:08 of 3rd period - Stopped by Mike McKenna with a rebound.
3:18 of 3rd period - Wrist shot by Bryan Bickell.
3:18 of 3rd period - Shot Blocked by Adam Henrique.
3:20 of 3rd period - Slapshot by Matt Jones.
3:20 of 3rd period - Deflect By Benn Ferriero.
3:20 of 3rd period - Stopped by Mike McKenna without a rebound.
3:21 of 3rd period - Nate Thompson wins face-off versus Benn Ferriero in Tamiflu zone.
3:32 of 3rd period - Slapshot by Matt Jones.
3:32 of 3rd period - Stopped by Mike McKenna without a rebound.
3:33 of 3rd period - Dustin Boyd wins face-off versus Nate Thompson in Tamiflu zone.
4:23 of 3rd period - Snap shot by Adam Henrique.
4:23 of 3rd period - Stopped by Barry Brust with a rebound.
4:29 of 3rd period - Pavel Trnka is hit by Josh Meyers and loses puck.
5:19 of 3rd period - Off-side.
5:20 of 3rd period - Greg Mauldin wins face-off versus Dustin Boyd in neutral zone.
5:33 of 3rd period - David Clarkson is hit by Chris Mcallister and loses puck.
5:46 of 3rd period - Martin Grenier is hit by Nate Thompson and loses puck.
6:04 of 3rd period - Minor Penalty to Nate Thompson for Holding.
6:05 of 3rd period - Radek Bonk wins face-off versus Dustin Boyd in Tamiflu zone.
6:19 of 3rd period - Icing by Andy Greene.
6:20 of 3rd period - Radek Bonk wins face-off versus Dustin Boyd in River Rats zone.
6:21 of 3rd period - Slapshot by Jonathan Sigalet.
6:21 of 3rd period - Stopped by Barry Brust without a rebound.
6:22 of 3rd period - Radek Bonk wins face-off versus Trent Hunter in River Rats zone.
6:23 of 3rd period - Wrist shot by Carson Mcmillan.
6:23 of 3rd period - Shot Misses the Net.
6:37 of 3rd period - Snap shot by Carson Mcmillan.
6:37 of 3rd period - Shot Blocked by Martin Grenier.
6:44 of 3rd period - Minor Penalty to Carson Mcmillan for Hooking.
6:45 of 3rd period - Radek Bonk wins face-off versus Dustin Boyd in Tamiflu zone.
7:14 of 3rd period - Wrist shot by Andy Greene.
7:14 of 3rd period - Shot Blocked by Pavel Trnka.
8:04 of 3rd period - Penalty to Nate Thompson is over, Nate Thompson is back on ice.
8:27 of 3rd period - Icing by Matt Jones.
8:28 of 3rd period - Greg Mauldin wins face-off versus Tyler Bozak in River Rats zone.
8:29 of 3rd period - Wrist shot by Jani Rita.
8:29 of 3rd period - Shot Misses the Net.
8:44 of 3rd period - Penalty to Carson Mcmillan is over, Carson Mcmillan is back on ice.
9:00 of 3rd period - Kyle Lawson is hit by Bryan Bickell and loses puck.
9:29 of 3rd period - Slapshot by David Clarkson.
9:29 of 3rd period - Shot Misses the Net.
9:58 of 3rd period - Minor Penalty to Jonathan Sigalet for Hooking.
9:59 of 3rd period - Radek Bonk wins face-off versus Dustin Boyd in Tamiflu zone.
10:28 of 3rd period - Slapshot by Tyler Bozak.
10:28 of 3rd period - Shot Blocked by Nate Thompson.
10:30 of 3rd period - Snap shot by Jay Beagle.
10:30 of 3rd period - Goal by Jay Beagle - Tamiflu : 4 - River Rats : 3.
10:31 of 3rd period - Dustin Boyd wins face-off versus Nate Thompson in neutral zone.
10:52 of 3rd period - Mike Brown is hit by Andy Greene and loses puck.
11:13 of 3rd period - Wrist shot by Petr Pohl.
11:13 of 3rd period - Deflect By Radek Bonk.
11:13 of 3rd period - Stopped by Barry Brust with a rebound.
11:16 of 3rd period - Minor Penalty to Nick Spaling for Holding.
11:17 of 3rd period - Radek Bonk wins face-off versus Dustin Boyd in Tamiflu zone.
11:26 of 3rd period - Wrist shot by Chris Mcallister.
11:26 of 3rd period - Stopped by Mike McKenna without a rebound.
11:27 of 3rd period - Radek Bonk wins face-off versus Chris Mcallister in Tamiflu zone.
11:27 of 3rd period - Radek Bonk is hit by Bryan Rodney.
11:40 of 3rd period - Wrist shot by Radek Bonk.
11:40 of 3rd period - Stopped by Barry Brust with a rebound.
12:02 of 3rd period - Slapshot by Matt Jones.
12:02 of 3rd period - Stopped by Mike McKenna with a rebound.
13:16 of 3rd period - Penalty to Nick Spaling is over, Nick Spaling is back on ice.
13:41 of 3rd period - Off-side.
13:42 of 3rd period - Adam Henrique wins face-off versus Tyler Bozak in neutral zone.
13:45 of 3rd period - Slapshot by Johan Fransson.
13:45 of 3rd period - Deflect By Carson Mcmillan.
13:45 of 3rd period - Shot Blocked by Tyler Bozak.
13:45 of 3rd period - Puck is out of play.
13:46 of 3rd period - Adam Henrique wins face-off versus Tyler Bozak in River Rats zone.
13:47 of 3rd period - Snap shot by Carson Mcmillan.
13:47 of 3rd period - Stopped by Barry Brust without a rebound.
13:48 of 3rd period - Tyler Bozak wins face-off versus Adam Henrique in River Rats zone.
14:03 of 3rd period - Icing by Carson Mcmillan.
14:04 of 3rd period - Dustin Boyd wins face-off versus Adam Henrique in Tamiflu zone.
14:13 of 3rd period - Slapshot by Kyle Lawson.
14:13 of 3rd period - Shot Hit the Post.
14:15 of 3rd period - Slapshot by Johan Fransson.
14:15 of 3rd period - Shot Blocked by Andy Greene.
14:17 of 3rd period - Slapshot by Johan Fransson.
14:17 of 3rd period - Stopped by Barry Brust with a rebound.
14:19 of 3rd period - Slapshot by Jan Mursak.
14:19 of 3rd period - Shot Blocked by Chris Mcallister.
14:21 of 3rd period - Slapshot by Kyle Lawson.
14:21 of 3rd period - Shot Blocked by Danny Kristo.
14:23 of 3rd period - Backhand shot by Adam Henrique.
14:23 of 3rd period - Deflect By Danny Kristo.
14:23 of 3rd period - Stopped by Barry Brust without a rebound.
14:24 of 3rd period - Tyler Bozak wins face-off versus Nate Thompson in River Rats zone.
14:31 of 3rd period - Slapshot by Mike Brown.
14:31 of 3rd period - Shot Blocked by Bryan Rodney.
14:33 of 3rd period - Snap shot by Jani Rita.
14:33 of 3rd period - Stopped by Barry Brust with a rebound.
14:39 of 3rd period - Snap shot by Nate Thompson.
14:39 of 3rd period - Stopped by Barry Brust without a rebound.
14:40 of 3rd period - Dustin Boyd wins face-off versus Radek Bonk in River Rats zone.
15:33 of 3rd period - Wrist shot by Carson Mcmillan.
15:33 of 3rd period - Stopped by Barry Brust without a rebound.
15:34 of 3rd period - Adam Henrique wins face-off versus Dustin Boyd in River Rats zone.
15:59 of 3rd period - Wrist shot by Jay Beagle.
15:59 of 3rd period - Goal by Jay Beagle - Tamiflu : 4 - River Rats : 4.
16:00 of 3rd period - Adam Henrique wins face-off versus Benn Ferriero in neutral zone.
16:09 of 3rd period - Snap shot by Andy Greene.
16:09 of 3rd period - Shot Misses the Net.
16:14 of 3rd period - Off-side.
16:15 of 3rd period - Mike Brown wins face-off versus Dustin Boyd in neutral zone.
16:42 of 3rd period - Martin Grenier is hit by Carson Mcmillan and loses puck.
17:02 of 3rd period - Off-side.
17:03 of 3rd period - Jamie Arniel wins face-off versus Radek Bonk in neutral zone.
17:03 of 3rd period - Minor Penalty to Petr Pohl for Slashing.
17:04 of 3rd period - Dustin Boyd wins face-off versus Radek Bonk in Tamiflu zone.
17:17 of 3rd period - Chris Mcallister is hit by Jonathan Sigalet and loses puck.
19:03 of 3rd period - Penalty to Petr Pohl is over, Petr Pohl is back on ice.
Overtime #1
0:01 of 1st overtime period - Nate Thompson wins face-off versus Dustin Boyd in neutral zone.
0:34 of 1st overtime period - Andy Greene is hit by Pavel Trnka and loses puck.
1:44 of 1st overtime period - Jordan Hendry is hit by Chris Mcallister and loses puck.
1:51 of 1st overtime period - Chris Mcallister is hit by Petr Pohl and loses puck.
2:06 of 1st overtime period - Slapshot by Tyler Bozak.
2:06 of 1st overtime period - Stopped by Mike McKenna with a rebound.
2:08 of 1st overtime period - Wrist shot by Tyler Bozak.
2:08 of 1st overtime period - Stopped by Mike McKenna with a rebound.
2:10 of 1st overtime period - Slapshot by Andy Greene.
2:10 of 1st overtime period - Stopped by Mike McKenna without a rebound.
2:11 of 1st overtime period - Benn Ferriero wins face-off versus Nate Thompson in Tamiflu zone.
2:39 of 1st overtime period - Pavel Trnka is hit by Benn Ferriero and loses puck.
3:05 of 1st overtime period - Wrist shot by Dustin Boyd.
3:05 of 1st overtime period - Stopped by Mike McKenna without a rebound.
3:06 of 1st overtime period - Nate Thompson wins face-off versus Dustin Boyd in Tamiflu zone.
3:37 of 1st overtime period - Nathan Oystrick is hit by Brett Maclean and loses puck.
4:13 of 1st overtime period - Snap shot by Matt Jones.
4:13 of 1st overtime period - Deflect By Benn Ferriero.
4:13 of 1st overtime period - Stopped by Mike McKenna with a rebound.
4:15 of 1st overtime period - Slapshot by Matt Jones.
4:15 of 1st overtime period - Shot Blocked by Pavel Trnka.
4:17 of 1st overtime period - Wrist shot by Danny Kristo.
4:17 of 1st overtime period - Stopped by Mike McKenna without a rebound.
4:18 of 1st overtime period - Nate Thompson wins face-off versus Dustin Boyd in Tamiflu zone.
ShootOut
5:00 of 1st overtime period - Penalty Shot by Radek Bonk for Tamiflu.
5:00 of 1st overtime period - Backhand shot by Radek Bonk.
5:00 of 1st overtime period - Stopped by Barry Brust.
5:00 of 1st overtime period - Penalty Shot by Dustin Boyd for River Rats.
5:00 of 1st overtime period - Snap shot by Dustin Boyd.
5:00 of 1st overtime period - Goal by Dustin Boyd.
5:00 of 1st overtime period - Penalty Shot by Jani Rita for Tamiflu.
5:00 of 1st overtime period - Wrist shot by Jani Rita.
5:00 of 1st overtime period - Stopped by Barry Brust.
5:00 of 1st overtime period - Penalty Shot by Chris Mcallister for River Rats.
5:00 of 1st overtime period - Wrist shot by Chris Mcallister.
5:00 of 1st overtime period - Stopped by Mike McKenna.
5:00 of 1st overtime period - Penalty Shot by Jonathan Sigalet for Tamiflu.
5:00 of 1st overtime period - Wrist shot by Jonathan Sigalet.
5:00 of 1st overtime period - Stopped by Barry Brust.
Output by the SimonT Hockey Simulator (STHS) for François Prévost -- Original Page W3C XHTML 1.0 Valid